 Dungeon Crawl Stone Soup version 0.31-a0-227-ga22c3bf811 (webtiles) character file.

Game seed: 12518217573225376439

176391 Gargoyl the Peltast (level 18, -2/105 HPs)
             Began as a Gargoyle Berserker on July 6, 2023.
             Was a Priest of Trog.
             Killed from afar by a wizard (26 damage)
             ... with a fireball
             ... on level 2 of the Vaults.
             The game lasted 00:44:01 (26255 turns).

Gargoyl the Peltast (Gargoyle Berserker)           Turns: 26255, Time: 00:44:08

Health: -2/105     AC: 21    Str: 24    XL:     18   Next: 13%
Magic:  16/16      EV: 21    Int:  7    God:    Trog [***...]
Gold:   2847       SH: 26    Dex: 15    Spells: 17/17 levels left

rFire   . . .        x - +3 hand axe (elec)
rCold   . . .        e - +0 tower shield
rNeg    + . .        H - +0 acid dragon scales
rPois   ∞            h - +0 helmet
rElec   +            q - +1 cloak
rCorr   +            (no gloves)
SInv    .            (no boots)
Will    +....        c - amulet of reflection
Stlth   +++          i - ring of resist corrosion
HPRegen 0.37/turn    J - +5 ring of evasion
MPRegen 0.15/turn

%: reflection
@: corroded, flying, unable to read, unable to drink
A: sickness immunity, AC +13, big wings, negative energy resistance 1,
electricity resistance, torment resistance 1, petrification resistance, hooves
1, [frail 1], [low MP 1], [inability to drink after injury 1], [inability to
read after injury 2]
a: Renounce Religion, Berserk, Trog's Hand


You were on level 2 of the Vaults.
You worshipped Trog.
Trog was most pleased with you.
You visited 4 branches of the dungeon, and saw 24 of its levels.
You visited the Abyss 2 times.
You also visited: Ossuary.

You collected 2916 gold pieces.
You spent 69 gold pieces at shops.

Inventory:

Hand Weapons
 t - a +1 scimitar of flaming
 x - a +3 hand axe of electrocution (weapon)
 X - a +0 scimitar of flaming
Missiles
 j - 9 throwing nets
 z - 8 curare-tipped darts (quivered)
 T - 6 poisoned darts
Armour
 e - a +0 tower shield (worn)
 h - a +0 helmet (worn)
 q - a +1 cloak (worn)
 H - +0 acid dragon scales (worn)
Jewellery
 c - an amulet of reflection (around neck)
 i - a ring of resist corrosion (left hand)
 r - a ring of see invisible
 A - a ring of magical power
 C - a ring of fire
 G - a +6 ring of dexterity
 J - a +5 ring of evasion (right hand)
 N - a +6 ring of dexterity
 O - an amulet of guardian spirit
 P - a ring of magical power
 R - a ring of protection from cold
 W - a ring of ice
 Z - a +6 ring of dexterity
Wands
 l - a wand of flame (42)
 m - a wand of iceblast (11)
 u - a wand of digging (11)
 M - a wand of polymorph (5)
 Q - a wand of mindburst (6)
 V - a wand of paralysis (9)
Scrolls
 d - 2 scrolls of fear
 f - 12 scrolls of identify
 p - 4 scrolls of fog
 y - 3 scrolls of poison
 B - 3 scrolls of teleportation
 D - 4 scrolls of enchant armour
 K - a scroll of silence
Potions
 a - a potion of heal wounds
 b - 10 potions of enlightenment
 g - 2 potions of berserk rage
 k - 8 potions of curing
 n - 4 potions of cancellation
 o - 8 potions of haste
 s - a potion of mutation
 w - 2 potions of resistance
 E - 2 potions of invisibility
 F - 4 potions of might
 L - 3 potions of ambrosia
 S - a potion of magic
 Y - a potion of lignification


   Skills:
 + Level 14.4 Fighting
 + Level 16.7(16.8) Axes
 + Level 2.7(11.2) Polearms
 + Level 0.2 Throwing
 + Level 8.2 Armour
 + Level 10.2 Dodging
 + Level 6.8 Stealth
 + Level 20.1 Shields


You had 17 spell levels left.
You didn't know any spells.
Your spell library was empty.

Dungeon Overview and Level Annotations

Branches:
Dungeon (15/15)            Temple (0/1) D:6            Lair (5/5) D:10
 Shoals (0/4) Lair:2        Snake (0/4) Lair:3        Slime (0/5) Lair:4
    Orc (2/2) D:10            Elf (0/3) Orc:2        Vaults (2/5) D:13
  Crypt (0/3) Vaults:2     Depths (0/4) D:15        Ossuary (visited)

Altars:
Ashenzari
Dithmenos
Elyvilon
Fedhas
Gozag
Nemelex Xobeh
Okawaru
Ru
Trog
Wu Jian
Yredelemnul
Zin
Jiyva

Shops:
D:5 *   Orc:2 [((*:

Portals:
Trove: D:14 (give +6 fire dragon scales)

Annotations:
Lair:4 1 runed translucent door


Innate Abilities, Weirdness & Mutations

You are immune to sickness and miasma.
Your stone body is resilient. (AC +13)
You are immune to poison.
Your large and strong wings let you fly.
You resist negative energy. (rN+)
You are resistant to electric shocks. (rElec)
You are resistant to unholy torment.
You are immune to petrification.
You have large cloven feet.
[You are frail. (-10% HP)]
[Your magical capacity is low. (-10% MP)]
[You occasionally lose the ability to drink potions when taking damage.]
[You sometimes lose the ability to read scrolls when taking damage.]


Message History

You feel the effects of Trog's Hand fading.
Something hits you but does no damage.
The deep elf sorcerer hits you but does no damage.
You block something's attack.
Your polar bear goes berserk!
You can no longer call in reinforcements.
The deep elf sorcerer points at you and mumbles some strange words.
The bolt of acid hits you! You resist.
You feel threatened and lose the ability to drink potions!
* * * LOW HITPOINT WARNING * * *
The acid corrodes you! Something closely misses you.
You closely miss the deep elf sorcerer. Your kick misses the deep elf sorcerer.
The deep elf sorcerer is severely wounded.
You hit something. You slash the deep elf sorcerer!
You kill the deep elf sorcerer!
Trog accepts your kill.
Trog appreciates your killing of a magic user.
You closely miss something. You block something's attack.
You feel the corruption within you wane somewhat.
You feel robust.
You lose the ability to drink potions when taking damage less often.
You block something's attack.
Things that are here:
a +0 long sword; a curare-tipped dart; an elf corpse Something hits you but does no damage.
Your skin stops crawling.
You feel less strong-willed. Something hits your polar bear.
You see here a curare-tipped dart.
You recover from your berserk rage.
You start resting.
You can drink potions again.
Something hits your polar bear but does no damage.
You start resting.
You hear some strange, mumbled words.
A fireball appears from out of thin air!
The fireball explodes!
The fireball engulfs your polar bear!
The fireball engulfs something!!
The fireball engulfs you!!
You feel threatened and lose the ability to drink potions!
You die... ''

.... ...
######'########+###
..................#
..................#
...........).({h@.#
..................#
..................#
..................#
..................#
..................#
.........>........#
..................'
.....#######'##...


You could see a friendly polar bear (summoned, berserk).

Vanquished Creatures
  Rupert (D:13)
  Jorgrun (D:15)
  A sphinx (Vaults:1)
  A tentacled starspawn (Abyss:3)
  Gastronok (Lair:1)
  A deep elf sorcerer (Vaults:2)
  An orc warlord (Orc:1)
  6 ironbound preservers
  Nessos (Lair:5)
  3 ironbound thunderhulks
  A stone giant (Vaults:1)
  A deep elf annihilator (D:10)
  7 dire elephants (Vaults:1)
  The ghost of sefie the Martial Artist, a journeyman MeFi of Makhleb (Lair:4)
  An entropy weaver (Vaults:1)
  A fire dragon (D:13)
  2 rakshasas
  5 yaktaur captains (Vaults:1)
  9 hydras
  A great orb of eyes (Abyss:3)
  5 centaur warriors
  A vault guard (D:13)
  2 catoblepae
  A death knight (D:13)
  An ironbound frostheart (Vaults:1)
  3 two-headed ogres
  3 boulder beetles
  2 tengu warriors (D:13)
  2 thrashing horrors (Abyss:3)
  18 death yaks
  5 orc high priests
  Sonja (Orc:2)
  Nergalle (Orc:1)
  Amaemon (Lair:1)
  A skyshark (Lair:5)
  7 skeletal warriors
  2 wretched stars (Abyss:3)
  21 deep trolls
  2 glowing orange brains
  2 necromancers (Vaults:1)
  A deep elf archer (D:13)
  2 wizards (Vaults:1)
  2 ironbound convokers
  6 orc knights
  8 lindwurms (Vaults:1)
  4 deep elf pyromancers
  3 orc sorcerers
  19 ugly things
  2 manticores
  A faun (shapeshifter) (D:15)
  5 cyclopes
  2 worldbinders
  5 black mambas
  15 elephants
  Maurice (D:11)
  3 vault sentinels
  2 smoke demons (Abyss:3)
  A torpor snail (Lair:1)
  An orange demon (Lair:1)
  17 cane toads
  4 rime drakes
  A rime drake (shapeshifter) (D:15)
  An unseen horror (D:11)
  A freezing wraith (D:14)
  6 yaktaurs
  6 komodo dragons
  3 efreet
  3 tengu conjurers
  3 kobold demonologists (D:13)
  7 polar bears
  5 trolls
  Grinder (D:3)
  A tarantella (Vaults:1)
  9 hornets (Lair:5)
  17 blink frogs
  An ettin zombie (Vaults:1)
  A snapping turtle (Lair:2)
  10 raiju (Abyss:3)
  9 slime creatures
  3 small abominations (Abyss:3)
  Sigmund (D:4)
  4 wraiths
  A vampire (D:12)
  14 spriggans (Lair:5)
  43 yaks
  4 large abominations (Abyss:3)
  4 wyverns
  7 humans (D:8)
  6 basilisks
  8 vampire mosquitoes
  A chaos spawn (Abyss:3)
  2 steam dragons
  2 human zombies (Vaults:1)
  11 wargs
  3 nagas (Lair:3)
  21 water moccasins
  3 acid dragons
  29 orc warriors
  6 ice beasts (D:10)
  7 ogres
  6 black bears
  3 hornet zombies (Ossuary)
  3 boggarts (Lair:5)
  20 wolves
  19 centaurs
  A kobold brigand (D:6)
  19 bullfrogs
  5 wyvern zombies (Ossuary)
  3 gnoll sergeants
  6 scorpions
  2 water moccasin zombies (Ossuary)
  12 wights
  8 killer bees
  3 electric eels
  2 howler monkeys (D:7)
  5 hounds
  4 bullfrog zombies (Ossuary)
  5 centaur zombies (Ossuary)
  5 jellies
  38 orc priests
  5 starcursed masses (Abyss:3)
  Jessica (D:8)
  3 iguanas
  A sleepcap (D:6)
  17 orc wizards
  2 killer bee zombies (Ossuary)
  17 mummies
  Robin (D:2)
  14 gnolls
  7 adders
  3 white imps
  2 ufetubi
  2 worms
  2 dart slugs (D:4)
  104 orcs
  3 ball pythons (D:1)
  11 endoplasms
  3 giant cockroaches
  13 goblins
  14 hobgoblins
  11 jackals
  A quokka (D:2)
  4 bats
  3 frilled lizards (D:1)
  8 kobolds
  7 rats
  A lurking horror (Abyss:3)
  A starspawn tentacle (Abyss:3)
926 creatures vanquished.

Vanquished Creatures (collateral kills)
  A lich (Abyss:3)
  An orc warlord (Orc:1)
  An ironbound preserver (Vaults:2)
  A hydra (Lair:3)
  A rakshasa (Abyss:3)
  A catoblepas (Lair:3)
  A two-headed ogre (D:9)
  A death yak (Lair:3)
  A thrashing horror (Abyss:3)
  A sun demon (D:9)
  A wizard (Vaults:1)
  3 ugly things
  A torpor snail (Lair:3)
  A rime drake (D:10)
  A large abomination (Abyss:3)
  An orange demon (D:9)
  A cane toad (Lair:3)
  A hellwing (D:9)
  A raiju (Abyss:3)
  A polar bear (Lair:3)
  3 slime creatures (D:15)
  An ice beast (D:10)
  A bullfrog (Lair:3)
  An iron imp (D:9)
  An orc wizard (D:9)
  A shadow imp (D:9)
  3 orcs (D:9)
33 creatures vanquished.

Vanquished Creatures (others)
  A wizard (Vaults:1)
  A yak zombie (Lair:1)
  2 orcs
  2 starspawn tentacles (Abyss:3)
6 creatures vanquished.

Grand Total: 965 creatures vanquished

Notes
Turn   | Place    | Note
-------+----------+-------------------------------------------
     0 | D:1      | Gargoyl the Gargoyle Berserker began the quest for the Orb.
     0 | D:1      | Reached XP level 1. HP: 14/14 MP: 1/1
   180 | D:1      | Reached XP level 2. HP: 5/19 MP: 2/2
   310 | D:1      | Reached XP level 3. HP: 14/24 MP: 3/3
   655 | D:2      | Reached ** piety under Trog
   868 | D:2      | Noticed Robin
   874 | D:2      | Reached XP level 4. HP: 27/29 MP: 4/4
   882 | D:2      | Killed Robin
  1131 | D:2      | Found a basalt altar of Yredelemnul.
  1391 | D:3      | Noticed Grinder
  1408 | D:3      | Killed Grinder
  1409 | D:3      | Reached skill level 5 in Axes
  1409 | D:3      | Reached skill level 1 in Shields
  1409 | D:3      | Reached XP level 5. HP: 34/34 MP: 5/5
  1409 | D:3      | Reached XP level 6. HP: 39/39 MP: 6/6
  1593 | D:3      | Reached skill level 2 in Shields
  1737 | D:3      | Found a broken altar of Ashenzari.
  2009 | D:3      | Found a sparkling altar of Nemelex Xobeh.
  2269 | D:4      | Noticed Sigmund
  2273 | D:4      | Killed Sigmund
  2274 | D:4      | Reached skill level 1 in Stealth
  2274 | D:4      | Reached XP level 7. HP: 44/44 MP: 7/7
  2541 | D:4      | Found a glowing silver altar of Zin.
  2765 | D:4      | Reached skill level 3 in Shields
  3038 | D:4      | Found an opulent altar of Gozag.
  3085 | D:5      | Entered Level 5 of the Dungeon
  3324 | D:5      | Found a sand-covered staircase.
  3339 | Ossuary  | Entered an ossuary
  3447 | Ossuary  | Reached XP level 8. HP: 17/48 MP: 8/8
  3525 | Ossuary  | Reached skill level 4 in Shields
  3657 | Ossuary  | Reached skill level 5 in Shields
  3707 | Ossuary  | Reached skill level 5 in Fighting
  3733 | Ossuary  | Reached skill level 6 in Shields
  3856 | Ossuary  | Reached XP level 9. HP: 49/54 MP: 9/9
  3959 | Ossuary  | Reached *** piety under Trog
  4176 | D:5      | Found a shadowy altar of Dithmenos.
  4208 | D:5      | Reached skill level 7 in Shields
  4213 | D:5      | Gained mutation: [You are frail. (-10% HP)] [potion of
                  | mutation]
  4214 | D:5      | Lost mutation: [You are frail. (-10% HP)] [potion of
                  | mutation]
  4214 | D:5      | Gained mutation: You have large cloven feet. [potion of
                  | mutation]
  4335 | D:5      | Found a blossoming altar of Fedhas.
  4671 | D:5      | Found Cokhlism's Assorted Antiques.
  4674 | D:5      | Bought a potion of curing for 69 gold pieces
  5059 | D:6      | Found a staircase to the Ecumenical Temple.
  5097 | D:6      | Found a white marble altar of Elyvilon.
  5115 | D:6      | Reached skill level 8 in Shields
  5907 | D:7      | Reached skill level 5 in Armour
  6128 | D:7      | Reached skill level 9 in Shields
  6128 | D:7      | Reached XP level 10. HP: 53/59 MP: 10/10
  6754 | D:8      | Identified the +0 pair of gloves of the Ecumenical Temple
                  | {Rampage Fly}
  6816 | D:8      | Found a sacrificial altar of Ru.
  6840 | D:8      | Noticed Jessica
  6879 | D:8      | Reached **** piety under Trog
  6891 | D:8      | Reached skill level 10 in Shields
  6910 | D:8      | Reached XP level 11. HP: 66/66 MP: 11/11
  6924 | D:8      | Killed Jessica
  7076 | D:8      | Found an iron altar of Okawaru.
  7576 | D:9      | Noticed a sun demon
  7590 | D:9      | Killed a sun demon
  7594 | D:9      | Reached skill level 10 in Axes
  8032 | D:9      | Noticed a two-headed ogre
  8039 | D:9      | Killed a two-headed ogre
  8062 | D:9      | Found a bloodstained altar of Trog.
  8182 | D:10     | Entered Level 10 of the Dungeon
  8251 | D:10     | Reached skill level 11 in Shields
  8254 | D:10     | Found a staircase to the Lair.
  8365 | D:10     | Noticed a deep elf annihilator
  8366 | D:10     | Noticed an orc sorcerer
  8543 | D:10     | Paralysed by an orc sorcerer for 2 turns
  8550 | D:10     | Paralysed by an orc sorcerer for 3 turns
  8559 | D:10     | Killed an orc sorcerer
  8805 | D:10     | Found a staircase to the Orcish Mines.
  9126 | D:10     | Identified the +2 leather armour of Hoajuxeh {Fly Will++
                  | Int+2}
  9372 | Lair:1   | Entered Level 1 of the Lair of Beasts
  9388 | Lair:1   | Reached XP level 12. HP: 59/73 MP: 12/12
  9619 | Lair:1   | Reached skill level 12 in Shields
  9817 | Lair:1   | Noticed Gastronok
  9818 | Lair:1   | Noticed Amaemon
  9833 | Lair:1   | Killed Gastronok
  9840 | Lair:1   | Killed Amaemon
  9885 | Lair:1   | Reached skill level 5 in Dodging
 10308 | Lair:1   | Identified the +1 war axe "Newavum" {drain, Int+3 Stlth+}
 10327 | Lair:1   | Reached XP level 13. HP: 79/80 MP: 13/13
 10401 | Lair:1   | Reached skill level 13 in Shields
 10414 | Lair:1   | Identified the +5 short sword of the Twisting Gods {holy,
                  | *Corrode Str+6 SInv}
 10947 | Lair:2   | Identified the +1 long sword of Uskayaw, Hurling {heavy,
                  | rC- Will- rCorr Int+6}
 11245 | Lair:2   | Found a staircase to the Shoals.
 12383 | Lair:3   | Reached skill level 10 in Fighting
 12482 | Lair:3   | Found a staircase to the Snake Pit.
 12702 | Lair:4   | Noticed an acid blob
 12702 | Lair:4   | Found a runed translucent door.
 12702 | Lair:4   | Found a viscous altar of Jiyva.
 12708 | Lair:4   | Found a staircase to the Slime Pits.
 12708 | Lair:4   | Noticed an acid blob
 12832 | Lair:4   | Reached skill level 14 in Shields
 13045 | Lair:4   | Reached skill level 1 in Polearms
 13556 | Lair:4   | Found a large runed translucent door.
 13556 | Lair:4   | Found a large runed translucent door.
 13559 | Lair:4   | Noticed sefie's ghost (journeyman MeFi)
 13640 | Lair:4   | Gained mutation: Your large and strong wings let you fly.
                  | [Gargoyle growth]
 13640 | Lair:4   | Reached XP level 14. HP: 88/88 MP: 14/14
 14210 | Lair:4   | Killed sefie's ghost
 14348 | Lair:5   | Entered Level 5 of the Lair of Beasts
 14380 | Lair:5   | Noticed Nessos
 14386 | Lair:5   | Killed Nessos
 14416 | Lair:5   | Reached skill level 15 in Shields
 15047 | Lair:5   | Reached skill level 5 in Stealth
 15182 | Lair:5   | Reached XP level 15. HP: 80/95 MP: 15/15
 15522 | Lair:5   | Reached skill level 16 in Shields
 15655 | Lair:5   | Lost mutation: You have large cloven feet. [potion of
                  | mutation]
 15655 | Lair:5   | Gained mutation: You possess an exceptional clarity of
                  | mind. [potion of mutation]
 15655 | Lair:5   | Gained mutation: You have large cloven feet. [potion of
                  | mutation]
 16004 | D:11     | Noticed Maurice
 16041 | D:11     | Killed Maurice
 17413 | D:13     | Reached skill level 15 in Axes
 17849 | D:13     | Found a gate to the Vaults.
 18180 | D:13     | Noticed Rupert
 18201 | D:13     | Killed Rupert
 18717 | D:14     | Reached skill level 17 in Shields
 18878 | D:14     | Found a portal to a secret trove of treasure.
 19030 | D:14     | Reached XP level 16. HP: 98/101 MP: 16/16
 19627 | D:15     | Entered Level 15 of the Dungeon
 19656 | D:15     | Noticed Jorgrun
 19817 | D:15     | Killed Jorgrun
 20503 | D:15     | Found a staircase to the Depths.
 20664 | Orc:1    | Entered Level 1 of the Orcish Mines
 20882 | Orc:1    | Reached ***** piety under Trog
 20921 | Orc:1    | Found a transporter.
 20928 | Orc:1    | Found a transporter.
 20932 | Orc:1    | Found an ornate altar of the Wu Jian Council.
 20933 | Orc:1    | Found a transporter.
 20994 | Orc:1    | Found a transporter.
 20995 | Orc:1    | Found an ornate altar of the Wu Jian Council.
 21190 | Orc:1    | Noticed Nergalle
 21206 | Orc:1    | Killed Nergalle
 21600 | Orc:2    | Entered Level 2 of the Orcish Mines
 21773 | Orc:2    | Reached skill level 18 in Shields
 21826 | Orc:2    | Noticed Sonja
 21856 | Orc:2    | Killed Sonja
 21954 | Orc:2    | Lost mutation: You possess an exceptional clarity of mind.
                  | [a neqoxec]
 22069 | Orc:2    | Received a gift from Trog
 22134 | Orc:2    | Found Ebriku's Book Shop.
 22134 | Orc:2    | Found Ippequt's General Store.
 22231 | Orc:2    | Found Naxutt's Antique Weapon Shop.
 22231 | Orc:2    | Found Eraciang's Antique Armour Emporium.
 22316 | Orc:2    | Found Kiheamun's Weapon Boutique.
 22317 | Orc:2    | Found a staircase to the Elven Halls.
 22828 | Vaults:1 | Entered Level 1 of the Vaults
 22887 | Vaults:1 | Noticed a sphinx
 22898 | Vaults:1 | Killed a sphinx
 23019 | Vaults:1 | Reached XP level 17. HP: 64/109 MP: 17/17
 23923 | Vaults:1 | HP: 3/110 [dire elephant (7)]
 24155 | Vaults:1 | Reached skill level 19 in Shields
 24350 | Abyss:3  | Cast into level 3 of the Abyss (a wizard)
 24362 | Vaults:1 | Escaped the Abyss
 25633 | Vaults:2 | Found a staircase to the Crypt.
 25822 | Abyss:3  | Cast into level 3 of the Abyss (a wizard)
 25859 | Abyss:3  | Noticed a tentacled starspawn
 25870 | Abyss:3  | Killed a tentacled starspawn
 25883 | Abyss:3  | Noticed a lich
 25893 | Abyss:3  | Killed a lich
 25983 | Abyss:3  | Reached skill level 10 in Dodging
 26083 | Abyss:3  | Reached XP level 18. HP: 85/117 MP: 18/18
 26117 | Abyss:3  | Reached skill level 20 in Shields
 26231 | Vaults:2 | Escaped the Abyss
 26255 | Vaults:2 | Killed from afar by a wizard

Illustrated notes

Levels and vault maps discovered:
D:1:      dpeg_arrival_stone_temple_mockup, layout_rooms, minmay_octomino_c4
D:2:      layout_basic, basic_altar, serial_forest, infiniplex_forest_side_room,
          infiniplex_forest_lined_room_3, infiniplex_forest_straight_2,
          infiniplex_forest_end_3, infiniplex_forest_clump_long,
          infiniplex_forest_corner_2, infiniplex_forest_clump_diagonal,
          minmay_misc_feat_hallway, uniq_robin
D:3:      minmay_spotlight, layout_loops_ring, nemelex_dance_club_becter,
          lemuel_tele_altar, nrook_mini_vaults, uniq_grinder
D:4:      layout_basic, pdpol_temple_overflow_zin_treasury_gozag_greed,
          minivault_25, uniq_sigmund
D:5:      layout_loops_ring, nicolae_dithmenos_shadow_blocks,
          amcnicky_altar_gilded, gup_ossuary_entry_pyramid, serial_shops,
          kennysheep_mini
D:6:      layout_layer_cave, elyvilon_altar_5, minmay_temple_entry_waves
D:7:      layout_cave_pools, minivault_1
D:8:      erik_cavepeople, layout_loops_ring, hangedman_ru_absence,
          okawaru_altar_gauntlet_db
D:9:      layout_roguey, lemuel_round_altar, nicolae_demonic_statue_gallery
D:10:     cheibrodos_wizards_tower, layout_long_grid, hellmonk_lair_entry_icy
D:11:     layout_rooms, minmay_misc_feat_pillars, uniq_maurice
D:12:     layout_gridville
D:13:     layout_stronghold, david_vaults_5, uniq_rupert
D:14:     layout_long_grid, enter_trove_1, infiniplex_staircase_zigzag_3,
          grunt_decor_fettered, kennysheep_inner_square
D:15:     gammafunk_enter_depths_forms, layout_cave_pools,
          small_statue_intersection, eino_small_chamber_without_monster,
          uniq_jorgrun
Lair:1:   layout_misc_corridors, nzn_random_ring, uniq_gastronok, uniq_amaemon
Lair:2:   layout_loops_ring, minmay_shoals_entry_hut, grunt_megastairs_2
Lair:3:   layout_hall_layers, nicolae_snake_entry_squirm, lemuel_fruit_fields,
          grunt_megastairs_1, infiniplex_staircase_pool_2
Lair:4:   layout_regular_city, slime_entry_2, serial_bayou, serial_bayou_pond_e,
          serial_bayou_shore_a, serial_bayou_pond_e, serial_bayou_pond_c,
          ebering_ghost_disaster_area
Lair:5:   minmay_lair_end_enchanted_forest, layout_loops_ring, uniq_nessos
Orc:1:    dreamdust_wu_jian_sword_trials, layout_caves, nicolae_orc_lava_room,
          uniq_nergalle
Orc:2:    st_orc_town, layout_diamond_mine, serial_shops, shop, basic_altar,
          guppyfry_library_mini, uniq_saint_roka, uniq_sonja
Vaults:1: nicolae_vaults_trapezoid_lopsided_3,
          nicolae_vaults_variable_pillar_hall, grunt_vaults_funnel, v_misc_25,
          v_misc_9, hangedman_vaults_stagger, v_pattern_3,
          nicolae_vaults_mini_display_case, nicolae_vaults_wine_cellar,
          nicolae_vaults_little_squares_1, nicolae_vaults_house_2,
          vaults_room_door_ring, layout_vaults_omnigrid
Vaults:2: nicolae_vaults_steering_wheel, nicolae_vaults_tetromino_L_1,
          v_misc_12, nicolae_vaults_little_squares_6, ontoclasm_vaults_gateway,
          special_room_vaults [special_room_orc], vaults_dpeg_ring,
          nicolae_vaults_apartment_2, nicolae_vaults_tetromino_L_1,
          layout_vaults_big_room, serial_shops, nicolae_diamond_shop, uniq_jory,
          uniq_mennas

Skill      XL: |  1  2  3  4  5  6  7  8  9 10 11 12 13 14 15 16 17 18 |
---------------+-------------------------------------------------------+-----
Axes           | 3 5 6 8 9 11 12 13 14 15 16 | 16.7
Dodging        | 2 3 4 5 6 7 8 10 | 10.2
Fighting       | 4 5 6 8 9 10 11 12 13 14 | 14.4
Shields        | 1 2 3 6 9 10 11 12 14 15 17 18 19 20 | 20.1
Stealth        | 1 2 4 5 6 |  6.8
Armour         | 3 4 5 7 8 |  8.2
Polearms       | 2 |  2.7
Throwing       | |  0.2

Action                     |  1- 3 |  4- 6 |  7- 9 | 10-12 | 13-15 | 16-18 || total
---------------------------+-------+-------+-------+-------+-------+-------++-------
  Melee: Hand axe          |    93 |   103 |   405 |       |       |   719 ||  1320
         War axe           |       |       |    73 |   453 |  1176 |   523 ||  2225
         Kick              |       |       |    25 |   157 |   464 |   542 ||  1188
         Trident           |       |       |       |       |    60 |       ||    60
  Throw: Dart              |       |       |       |       |       |     5 ||     5
 Invoke: Berserk           |     3 |     2 |     8 |     8 |    12 |    19 ||    52
         Trog's Hand       |     1 |     1 |     6 |     7 |    18 |    29 ||    62
         Brothers in Arms  |       |       |       |     4 |     4 |    10 ||    18
    Use: Scroll            |     3 |     2 |    11 |     8 |     3 |    14 ||    41
         Potion            |       |       |     6 |       |     1 |     7 ||    14
   Stab: Petrifying        |       |       |     2 |     1 |       |       ||     3
         Confused          |       |       |       |     3 |       |       ||     3
         Paralysed         |       |       |       |     5 |       |       ||     5
         Sleeping          |       |       |       |     1 |    18 |     4 ||    23
         Petrified         |       |       |       |       |     6 |       ||     6
         Distracted        |       |       |       |       |     1 |       ||     1
 Armour: Animal skin       |    59 |    27 |     1 |       |       |       ||    87
         Scale mail        |       |       |   190 |       |       |       ||   190
         Plate armour      |       |       |    11 |   151 |       |       ||   162
         Acid dragon scale |       |       |       |    86 |   306 |   281 ||   673
  Dodge: Dodged            |    87 |    59 |    97 |   132 |   535 |   572 ||  1482
  Block: Other             |    15 |     7 |       |       |       |       ||    22
         Reflection        |     1 |       |    14 |    20 |    40 |    38 ||   113
         Tower shield      |       |    59 |   523 |   626 |  1548 |  1542 ||  4298

Table legend: (Time is in decaauts)
 A = Elapsed time spent in this place.
 B = Non-inter-level travel time spent in this place.
 C = Inter-level travel time spent in this place.
 D = Time resting spent in this place.
 E = Time spent auto-exploring this place.
 F = Levels seen in this place.
 G = Mean time per level.
                   A        B        C        D        E       F      G
               +--------+--------+--------+--------+--------+-----+--------+
         Total |  26549 |  25431 |   1118 |   1265 |  16815 |  27 |  983.3 |
       Dungeon |  13697 |  12954 |    743 |    209 |   9683 |  15 |  913.1 |
          Lair |   6598 |   6388 |    210 |    255 |   4206 |   5 | 1319.6 |
  Orcish Mines |   2016 |   1898 |    118 |    126 |   1013 |   2 | 1008.0 |
        Vaults |   2939 |   2893 |     46 |    545 |   1562 |   2 | 1469.5 |
         Abyss |    385 |    385 |      0 |      0 |     73 |   2 |  192.5 |
       Ossuary |    912 |    912 |      0 |    129 |    276 |   1 |  912.0 |
               +--------+--------+--------+--------+--------+-----+--------+

Top non-repeatable levels by time:
Vaults:1: 2187 daAuts
  Lair:4: 1667 daAuts
  Lair:1: 1594 daAuts
  Lair:5: 1482 daAuts
    D:13: 1466 daAuts
    D:10: 1299 daAuts
  Lair:2: 1141 daAuts
     D:6: 1111 daAuts
     D:8: 1100 daAuts
    D:14: 1073 daAuts
   Orc:1: 1065 daAuts
   Orc:2: 950 daAuts
     D:5: 940 daAuts
     D:3: 920 daAuts
 Ossuary: 912 daAuts
